 Dungeon Crawl Stone Soup version 0.28-a0-1143-gcf6077d4cc (webtiles) character file.

Game seed: 7214003389552973344

925 leviel the Cleaver (level 8, -2/70 HPs)
             Began as a Hill Orc Fighter on Dec 13, 2021.
             Was an Initiate of Qazlal.
             Slain by Duvessa (10 damage)
             ... on level 5 of the Dungeon.
             The game lasted 00:05:47 (4666 turns).

leviel the Cleaver (Hill Orc Fighter)               Turns: 4666, Time: 00:05:48

Health: -2/70      AC: 15    Str: 21    XL:     8   Next: 10%
Magic:  8/8        EV: 25    Int: 17    God:    Qazlal [......]
Gold:   272        SH:  4    Dex: 10    Spells: 7/7 levels left

rFire   . . .      SeeInvis .   e - +3 war axe of Calamity {protect, Int+9}
rCold   . . .      Faith    .   c - +0 buckler
rNeg    . . .      Spirit   .   b - +0 scale mail
rPois   .          Reflect  .   l - +0 helmet
rElec   .          Harm     .   (no cloak)
rCorr   .          Rampage  .   (no gloves)
Will    .....                   v - +1 pair of boots
Stlth   ..........              k - amulet of the acrobat
HPRegen 0.21/turn               u - +4 ring of protection
MPRegen 0.11/turn               (no ring)

@: about to teleport, acrobatic
A: no striking features
a: Renounce Religion


You were on level 5 of the Dungeon.
You worshipped Qazlal.
Qazlal was noncommittal.
You visited 2 branches of the dungeon, and saw 6 of its levels.

You collected 501 gold pieces.
You spent 229 gold pieces at shops.

Inventory:

Hand Weapons
 e - the +3 war axe of Calamity (weapon) {protect, Int+9}
   (You bought it in a shop on level 4 of the Dungeon)

   It grants its wielder temporary protection when it strikes (+7 to AC).
   Int:       It affects your intelligence (+9).
Missiles
 q - 35 poisoned darts (quivered)
Armour
 b - a +0 scale mail (worn)
 c - a +0 buckler (worn)
 l - a +0 helmet (worn)
 v - a +1 pair of boots (worn)
Jewellery
 d - a +6 ring of strength
 k - an amulet of the acrobat (around neck)
 u - a +4 ring of protection (left hand)
Scrolls
 j - a scroll of noise
 p - a scroll of teleportation
Potions
 a - 2 potions of lignification
 f - 2 potions of magic {unknown}
 g - a potion of heal wounds
 i - 6 potions of curing


   Skills:
 + Level 6.1 Fighting
 * Level 8.1 Axes
 + Level 5.5 Armour
 + Level 2.0 Dodging
 - Level 4.0 Shields


You had 7 spell levels left.
You didn't know any spells.
Your spell library contained the following spells:

 Spells                   Type           Power      Damage    Failure   Level
 Olgreb's Toxic Radiance  Pois           0%         N/A       99%         4
 Summon Forest            Summ/Tloc      0%         N/A       100%        5
 Summon Mana Viper        Hex/Summ       0%         N/A       100%        5
 Summon Cactus Giant      Summ           0%         N/A       100%        6
 Ozocubu's Refrigeration  Ice            0%         4d5       100%        7
 Ignition                 Fire           0%         3d3       100%        8


Dungeon Overview and Level Annotations

Branches:
Dungeon (5/15)             Temple (1/1) D:4

Altars:
Cheibriados
Elyvilon
Gozag
Kikubaaqudgha
Makhleb
Nemelex Xobeh
Okawaru
Qazlal
Ru
Sif Muna
Trog
Uskayaw
Xom

Shops:
D:4 (

Annotations:
D:5 Duvessa


Message History

a +0 halberd; a gnoll corpse You see here a +0 spear.
Duvessa misses you.
Items here: )))) [ ÷ †††.
Duvessa completely misses you.
You are starting to lose your buoyancy.
Duvessa completely misses you. x2
Duvessa misses you. You block Duvessa's attack.
Found a scroll of identify.
Duvessa rages.
You block Duvessa's attack. You block Duvessa's attack.
You float gracefully downwards.
Duvessa rages.
You slash Duvessa!
Your weapon exudes an aura of protection.
Duvessa is lightly wounded.
Duvessa hits you with a +0 rapier. You block Duvessa's attack.
You hit Duvessa but do no damage.
Duvessa is lightly wounded.
Duvessa hits you with a +0 rapier. You block Duvessa's attack.
You hit Duvessa.
Duvessa is lightly wounded.
You block Duvessa's attack.
You hit Duvessa but do no damage.
Duvessa is lightly wounded.
Duvessa hits you with a +0 rapier. Duvessa hits you but does no damage.
Your scale mail prevents you from hitting Duvessa.
Duvessa is lightly wounded.
Duvessa hits you with a +0 rapier!
* * * LOW HITPOINT WARNING * * *
You block Duvessa's attack.
As you read the scroll of teleportation, it crumbles to dust.
You feel strangely unstable. Duvessa hits you but does no damage.
Duvessa hits you with a +0 rapier.
* * * LOW HITPOINT WARNING * * *
You see here a scroll of identify {@r1}.
Duvessa hits you with a +0 rapier!
You die...

#)###...
###.# ####
#...# ###.###
+...# ##..#
#8..#
##########..#
#..@e?.....##
##...##...##
##########


You could see Duvessa (berserk).

Vanquished Creatures
  A hornet zombie (D:5)
  A necrophage (D:5)
  An ice beast (D:5)
  2 ogres
  A scorpion (D:4)
  Dowan (D:5)
  A howler monkey (D:4)
  A crimson imp (D:3)
  A hound (D:4)
  An orc priest (D:5)
  2 orc wizards (D:5)
  A howler monkey skeleton (D:3)
  4 adders
  4 gnolls (D:5)
  2 adder skeletons
  2 worms
  3 dart slugs
  3 orcs
  6 ball pythons
  6 bats
  A bat skeleton (D:2)
  4 endoplasms
  5 giant cockroaches
  8 goblins
  7 hobgoblins
  5 jackals
  9 kobolds
  5 quokkas
  A ball python zombie (D:2)
  6 frilled lizards
  A giant cockroach zombie (D:2)
  9 rats
105 creatures vanquished.

Notes
Turn   | Place    | Note
-------+----------+-------------------------------------------
     0 | D:1      | leviel the Hill Orc Fighter began the quest for the Orb.
     0 | D:1      | Reached XP level 1. HP: 19/19 MP: 1/1
    83 | D:1      | Reached skill level 3 in Axes
    83 | D:1      | Reached XP level 2. HP: 27/27 MP: 2/2
   344 | D:1      | Found a faded altar of an unknown god.
   549 | D:1      | Reached XP level 3. HP: 33/33 MP: 3/3
  1596 | D:2      | Reached skill level 4 in Axes
  1596 | D:2      | Reached XP level 4. HP: 33/40 MP: 4/4
  2677 | D:3      | Found a bloodstained altar of Trog.
  2798 | D:3      | Reached XP level 5. HP: 43/47 MP: 5/5
  3083 | D:3      | Found a burning altar of Makhleb.
  3084 | D:3      | Found a shimmering altar of Xom.
  3092 | D:3      | Reached skill level 5 in Axes
  3325 | D:4      | Noticed an ogre
  3331 | D:4      | Killed an ogre
  3332 | D:4      | Reached skill level 5 in Fighting
  3332 | D:4      | Reached skill level 6 in Axes
  3332 | D:4      | Reached XP level 6. HP: 32/56 MP: 6/6
  3513 | D:4      | Found a staircase to the Ecumenical Temple.
  3529 | Temple   | Entered the Ecumenical Temple
  3614 | Temple   | Became a worshipper of Qazlal Stormbringer
  3647 | D:4      | Identified a scroll of acquirement
  3647 | D:4      | Acquired 384 gold pieces
  3893 | D:4      | Found Wewuisheqoi's Antique Weapon Boutique.
  3901 | D:4      | Bought a sapphire war axe for 229 gold pieces
  3901 | D:4      | Identified the +3 war axe of Calamity {protect, Int+9} (You
                  | bought it in a shop on level 4 of the Dungeon)
  4305 | D:5      | Entered Level 5 of the Dungeon
  4306 | D:5      | Noticed an ice beast
  4317 | D:5      | Killed an ice beast
  4318 | D:5      | Reached skill level 1 in Dodging
  4318 | D:5      | Reached XP level 7. HP: 61/61 MP: 7/7
  4328 | D:5      | Reached skill level 7 in Axes
  4328 | D:5      | Reached skill level 5 in Armour
  4460 | D:5      | Reached XP level 8. HP: 50/70 MP: 8/8
  4472 | D:5      | Reached skill level 8 in Axes
  4605 | D:5      | Noticed Dowan
  4605 | D:5      | Noticed Duvessa
  4616 | D:5      | Killed Dowan
  4666 | D:5      | Slain by Duvessa

Illustrated notes

Levels and vault maps discovered:
D:1:      minmay_arrival_four_loops, layout_loops_corners,
          basic_ecumenical_altar
D:2:      layout_loops_ring, serial_undead, serial_undead_d, serial_undead_e,
          serial_undead_f, serial_undead_e, minmay_misc_feat_alley,
          kennysheep_generic_room_13
D:3:      layout_loops_corners, grunt_temple_overflow_champion_of_chaos,
          trog_butcher_becter
D:4:      layout_gridville, minmay_temple_entry_statues_pillars, serial_shops,
          nicolae_shop_temple_entry_statues_fountains
D:5:      layout_rooms, lemuel_mausoleum_altar_yredelemnul,
          mainiacjoe_overflow_alcove_2, lightli_minifort, uniq_duvessa
Temple:   zaba_magenta_temple

Skill      XL: |  1  2  3  4  5  6  7  8 |
---------------+-------------------------+-----
Axes           | 3 4 6 7 8 |  8.1
Fighting       | 4 5 6 |  6.1
Armour         | 4 5 |  5.5
Shields        | 4 |  4.0
Dodging        | 1 2 |  2.0

Action                   |  1- 3 |  4- 6 |  7- 9 || total
-------------------------+-------+-------+-------++-------
Melee: War axe           |   107 |   139 |    67 ||   313
  Use: Potion            |       |     1 |     2 ||     3
       Scroll            |       |    10 |     4 ||    14
Armor: Scale mail        |    44 |    55 |    73 ||   172
Dodge: Dodged            |    49 |    83 |    69 ||   201
Block: Buckler           |    13 |    32 |    21 ||    66

Table legend: (Time is in decaauts)
 A = Elapsed time spent in this place.
 B = Non-inter-level travel time spent in this place.
 C = Inter-level travel time spent in this place.
 D = Time resting spent in this place.
 E = Time spent auto-exploring this place.
 F = Levels seen in this place.
 G = Mean time per level.
                   A        B        C        D        E       F      G
               +--------+--------+--------+--------+--------+-----+--------+
         Total |   4744 |   4559 |    185 |      0 |   3742 |   6 |  790.7 |
       Dungeon |   4645 |   4503 |    142 |      0 |   3692 |   5 |  929.0 |
        Temple |     98 |     55 |     43 |      0 |     50 |   1 |   98.0 |
               +--------+--------+--------+--------+--------+-----+--------+

Top non-repeatable levels by time:
     D:1: 1340 daAuts
     D:3: 1129 daAuts
     D:4: 1032 daAuts
     D:2: 772 daAuts
     D:5: 370 daAuts
  Temple: 98 daAuts
